 Dungeon Crawl Stone Soup version 0.24.0-13-gcf9b3192b9 (webtiles) character file.

Game seed: 11197219491510596230, levelgen mode: deterministic

1940 Peloso the Carver (level 8, -2/70 HPs)
             Began as a Minotaur Fighter on Nov 8, 2019.
             Hit by a boomerang thrown by an orc warrior (14 damage)
             ... on level 6 of the Dungeon.
             The game lasted 00:12:18 (6222 turns).

Peloso the Carver (Minotaur Fighter)                Turns: 6222, Time: 00:12:19

Health: -2/70      AC: 14    Str: 22    XL:     8   Next: 98%
Magic:  7/7        EV:  6    Int:  5    God:
Gold:   495        SH: 11    Dex: 16    Spells: 7/7 levels left

rFire    . . .     SeeInvis .   a - +0 long sword
rCold    . . .     Gourm    .   c - +0 shield
rNeg     . . .     Faith    .   d - +0 plate armour
rPois    .         Spirit   .   (helmet restricted)
rElec    .         Reflect  .   g - +0 cloak
rCorr    .         Harm     .   (no gloves)
MR       .....                  (no boots)
Stlth    ..........             (no amulet)
HPRegen  0.21/turn              (no ring)
MPRegen  0.10/turn              j - +5 ring of dexterity

@: no status effects
A: retaliatory headbutt, horns 2
a: no special abilities


You were on level 6 of the Dungeon.
You were not hungry.

You visited 1 branch of the dungeon, and saw 6 of its levels.

You collected 495 gold pieces.

Inventory:

Hand Weapons
 a - a +0 long sword (weapon)
Armour
 b - a +0 chain mail
 c - a +0 shield (worn)
 d - a +0 plate armour (worn)
 g - a +0 cloak (worn)
Jewellery
 j - a +5 ring of dexterity (right hand)
 t - an uncursed amulet of harm {unknown}
Wands
 p - a wand of enslavement (11)
Scrolls
 e - 2 scrolls of remove curse
 h - a scroll of random uselessness {unknown}
 k - 3 scrolls of enchant weapon {unknown}
 l - 6 scrolls of identify
 m - 2 scrolls of teleportation {unknown}
 o - 2 scrolls of amnesia {unknown}
 q - 2 scrolls of immolation {unknown}
 r - a scroll of enchant armour {unknown}
 v - a scroll of fear {unknown}
Potions
 i - a potion of agility
 n - a potion of cancellation
 s - a potion of flight {unknown}
 w - a potion of might
 x - a potion of berserk rage {unknown}
 z - a potion of ambrosia {unknown}
Comestibles
 f - 19 rations


   Skills:
 + Level 5.7 Fighting
 + Level 9.1 Long Blades
 + Level 7.9 Armour
 + Level 1.0 Dodging
 + Level 0.6 Stealth
 + Level 7.6 Shields


You had 7 spell levels left.
You didn't know any spells.
Your spell library was empty.

Dungeon Overview and Level Annotations

Branches:
Dungeon (6/15)
 Temple: D:4-7

Altars:
Ashenzari
Elyvilon
Fedhas
Gozag
Sif Muna
Uskayaw
Vehumet
Yredelemnul
Zin
The Shining One


Innate Abilities, Weirdness & Mutations

You reflexively headbutt those who attack you in melee.
You have a pair of horns on your head.


Message History

You closely miss the orc warrior. Your headbutt misses the orc warrior.
The orc warrior is heavily wounded.
The orc warrior hits you with a +0 war axe.
* * * LOW HITPOINT WARNING * * *
An orc comes into view. It is wielding a +0 dagger.
You slash the orc warrior! You headbutt the orc warrior.
The orc warrior is severely wounded.
The orc warrior hits you with a +0 war axe.
* * * LOW HITPOINT WARNING * * *
Unknown command.
You feel better.
The orc warrior hits you with a +0 war axe.
* * * LOW HITPOINT WARNING * * *
Unknown command.
The orc hits you but does no damage. The orc hits you but does no damage.
The orc warrior throws a boomerang.
The boomerang barely misses you.
The weapon returns to the orc warrior!
The orc warrior throws a boomerang.
The boomerang hits you!
You die...

###.........#..#.##......##
###.#...###..#...#.♣♣.♣♣..(.##
##......## #......♣♣...♣♣...##
##...#...#####.....♣♣.....♣♣#...
##..........##.....♣♣...P...♣♣...
#..........###.....♣♣._..._.♣♣...
........##..##...<.♣♣..._...♣♣...
.......##...........♣♣.....♣♣....
..†...##........@....♣♣♣♣♣♣♣.(...
.........###.....................
..........###.......÷............
#........###o...................#
#........#.o.....................
.......#...o##.##.##....#........
.....#.#..oo#####.....#####.....#
......###...o...........#.......#
#.....###..o........#...##....#.#


You could see an orc warrior and 4 orcs.

Vanquished Creatures
  A water moccasin (D:5)
  2 orc warriors
  A sky beast (D:5)
  A phantom (D:6)
  A centaur (D:6)
  2 big kobolds (D:3)
  2 bullfrogs (D:6)
  2 scorpions
  5 jellies
  2 howler monkeys (D:5)
  3 hounds
  A bullfrog skeleton (D:4)
  4 orc wizards
  Jessica (D:2)
  3 iguanas
  3 worker ants
  A killer bee zombie (D:6)
  A hound skeleton (D:5)
  7 gnolls (D:3)
  11 adders
  A shadow imp (D:5)
  2 oozes
  An adder skeleton (D:6)
  A worm (D:2)
  A dart slug (D:1)
  5 leopard geckos
  17 orcs
  5 giant cockroaches
  30 goblins
  31 hobgoblins
  10 jackals
  2 quokkas
  2 ball pythons
  3 bats
  2 frilled lizards
  9 kobolds
  A quokka skeleton (D:4)
  A quokka zombie (D:6)
  3 rats
181 creatures vanquished.

Notes
Turn   | Place    | Note
-------+----------+-------------------------------------------
     0 | D:1      | Peloso the Minotaur Fighter began the quest for the Orb.
     0 | D:1      | Reached XP level 1. HP: 19/19 MP: 0/0
   262 | D:1      | You fall into a shaft and drop 1 floor!
   272 | D:2      | Reached XP level 2. HP: 26/27 MP: 1/1
   436 | D:2      | Reached XP level 3. HP: 12/33 MP: 2/2
   617 | D:2      | Found a basalt altar of Yredelemnul.
   765 | D:2      | Reached skill level 3 in Long Blades
   765 | D:2      | Reached XP level 4. HP: 19/41 MP: 3/3
   854 | D:2      | Noticed Jessica
   860 | D:2      | Killed Jessica
   869 | D:2      | Found an opulent altar of Gozag.
  1716 | D:3      | Reached skill level 4 in Long Blades
  1716 | D:3      | Reached XP level 5. HP: 36/47 MP: 4/4
  1783 | D:3      | Noticed an orc warrior
  1982 | D:2      | Killed an orc warrior
  1982 | D:2      | Reached skill level 5 in Shields
  2233 | D:3      | Found a shimmering blue altar of Sif Muna.
  2233 | D:3      | Found a blossoming altar of Fedhas.
  2362 | D:3      | Reached skill level 5 in Armour
  2362 | D:3      | Reached XP level 6. HP: 53/53 MP: 5/5
  3060 | D:3      | Reached skill level 5 in Long Blades
  3189 | D:3      | Reached XP level 7. HP: 19/60 MP: 6/6
  3585 | D:3      | Reached skill level 6 in Long Blades
  3983 | D:4      | Reached skill level 1 in Dodging
  4147 | D:4      | Found a shattered altar of Ashenzari.
  4200 | D:4      | Noticed a +0 dagger
  4202 | D:4      | Found a hide-covered altar of Uskayaw.
  4202 | D:4      | Noticed a +0 hand axe
  4660 | D:5      | Entered Level 5 of the Dungeon
  4944 | D:5      | Reached skill level 7 in Long Blades
  4967 | D:5      | Reached skill level 5 in Fighting
  5033 | D:5      | Reached XP level 8. HP: 9/68 MP: 7/7
  5847 | D:6      | Reached skill level 8 in Long Blades
  5975 | D:6      | Found a glowing silver altar of Zin.
  5975 | D:6      | Found a white marble altar of Elyvilon.
  5976 | D:6      | Found a glowing golden altar of the Shining One.
  6099 | D:6      | Found a radiant altar of Vehumet.
  6194 | D:6      | Reached skill level 9 in Long Blades
  6222 | D:6      | Hit by a boomerang thrown by an orc warrior

Levels and vault maps discovered:
D:1:      dpeg_arrival_shrine, layout_loops_ring
D:2:      layout_loops_ring, marbit_many_paths, grunt_gozag_breadcrumbs,
          minmay_pentomino_q2, uniq_jessica
D:3:      minmay_goblin_kobold_castle, layout_basic,
          gammafunk_temple_overflow_elements
D:4:      layout_loops_corners, ashenzari_conservatory_becter,
          dancing_weapons_uskayaw, first_ration
D:5:      layout_loops_corners
D:6:      layout_cave_pools, good_gods_temple_1, lemuel_doored_altar

Skill      XL: |  1  2  3  4  5  6  7  8 |
---------------+-------------------------+-----
Armour         | 4 5 6 7 |  7.9
Shields        | 4 5 6 7 |  7.6
Fighting       | 4 5 |  5.7
Long Blades    | 3 4 5 7 9 |  9.1
Dodging        | 1 |  1.0
Stealth        | |  0.6

Action                   |  1- 3 |  4- 6 |  7- 9 || total
-------------------------+-------+-------+-------++-------
Melee: Long sword        |    68 |   191 |   272 ||   531
       Headbutt          |    10 |    37 |    67 ||   114
  Use: Potion            |     3 |     3 |     1 ||     7
       Scroll            |       |     2 |       ||     2
  Eat: Chunk             |       |     4 |    10 ||    14
       Ration            |       |     1 |       ||     1
Armor: Scale mail        |    37 |    10 |       ||    47
       Chain mail        |       |    20 |       ||    20
       Plate armour      |       |    98 |   140 ||   238
Dodge: Dodged            |    23 |    45 |    60 ||   128
Block: Shield            |    39 |   168 |   150 ||   357
       Rpst.: Long sword |     6 |     7 |    16 ||    29
